 Dungeon Crawl Stone Soup version 0.13.1-22-g086cdba (webtiles) character file.

306 Kae the Ruffian (level 5, 0/40 HPs)
             Began as a Draconian Transmuter on Jan 2, 2014.
             Slain by Bikaver's ghost (10 damage)
             ... on Level 3 of the Dungeon.
             The game lasted 00:04:57 (2463 turns).

Kae the Ruffian (Draconian Transmuter)              Turns: 2463, Time: 00:04:58

HP   0/40        AC  7     Str 13      XL: 5   Next: 66%
MP   6/7         EV 12     Int 13      God:
Gold 84          SH  0     Dex 12      Spells:  3 memorised,  2 levels left

Res.Fire  : + . .   See Invis. : .     - Unarmed
Res.Cold  : + . .   Warding    : .   (armour unavailable)
Life Prot.: . . .   Conserve   : .   (no shield)
Res.Poison: +       Res.Corr.  : .   (helmet restricted)
Res.Elec. : +       Clarity    : .   u - +0 cloak (curse)
Sust.Abil.: . .     Spirit.Shd : .   c - +0 pair of gloves
Res.Mut.  : .       Stasis     : .   (boots unavailable)
Res.Rott. : .       Flight     : .   (no amulet)
Saprovore : . . .                    (no ring)
                                     (no ring)

@: appendage, very slightly contaminated, hasted, very quick, slightly resistant
to hostile enchantments, unstealthy
A: unfitting armour, talons 3, carnivore 1, spit poison 1, wild magic 1, AC +5
a: Spit Poison, End Transformation


You were on level 3 of the Dungeon.
You were not hungry.
You had grown temporary talons.
You visited 1 branch of the dungeon, and saw 3 of its levels.

You collected 64 gold pieces.

Inventory:

Missiles
 b - 12 arrows
 l - 17 arrows of flame
Armour
 c - a +0 pair of gloves (worn)
 u - a cursed +0 cloak (worn)
Magical devices
 t - a wand of random effects (8) {unknown}
 z - a wand of flame (3) {unknown}
Comestibles
 a - 4 bread rations
 i - 2 meat rations
 k - a choko
 s - a honeycomb
 w - a chunk of ball python flesh
 A - a rotting chunk of gnoll flesh
 E - a chunk of hobgoblin flesh
Scrolls
 f - 8 scrolls of identify {unknown}
 g - a scroll of fog {unknown}
 h - a scroll of enchant armour {unknown}
 n - 2 scrolls of noise {unknown}
 q - a scroll of curse armour {unknown}
 r - a scroll of blinking {unknown}
 v - a scroll of enchant weapon II {unknown}
 x - a scroll of curse weapon {unknown}
 y - a scroll of random uselessness {unknown}
 B - a scroll of enchant weapon I {unknown}
Jewellery
 C - an uncursed ring of magical power {unknown}
Potions
 e - a potion of curing
Books
 d - a book of Changes

   Spells                             Type                      Level
   *Beastly Appendage                 Transmutation                1
   *Sticks to Snakes                  Transmutation                2
   *Spider Form                       Transmutation/Poison         3
   Ice Form                           Ice/Transmutation            4
   Blade Hands                        Transmutation                5


   Skills:
 - Level 1.1 Fighting
 - Level 1.7 Dodging
 * Level 5.7 Unarmed Combat
 - Level 2.0 Spellcasting
 + Level 3.5 Transmutations


You had 2 spell levels left.
You knew the following spells:

 Your Spells              Type           Power        Failure   Level  Hunger
a - Beastly Appendage     Trmt           ###...       16%         1    ##.....
b - Sticks to Snakes      Trmt           ###.......   19%         2    ###....
c - Spider Form           Trmt/Pois      #.........   54%         3    ####...


Dungeon Overview and Level Annotations

Branches:
Dungeon (3/27)

Altars:
Okawaru
Trog

Annotations:
D:3 Bikaver's ghost, average DDFi


Innate Abilities, Weirdness & Mutations

Your plain brown scales are hard (AC +5).*
Your body does not fit into most forms of armour.
Your cold-blooded metabolism reacts poorly to cold.
You have claws for feet.*
Your digestive system is specialised to digest meat.
You can spit poison.
Your spells are a little harder to cast, but a little more powerful.


Message History

Confirm with . or Enter, or press ? or * to list all spells.
Your feet morph into talons.
Bikaver's ghost hits you but does no damage.
You barely miss Bikaver's ghost. Your kick misses Bikaver's ghost.
You tail-slap Bikaver's ghost, but do no damage.
Bikaver's ghost hits you!
You hit Bikaver's ghost. You claw Bikaver's ghost.
Bikaver's ghost is lightly damaged.
You closely miss Bikaver's ghost.
Bikaver's ghost is lightly damaged.
Bikaver's ghost hits you!
* * * LOW HITPOINT WARNING * * *
You hit Bikaver's ghost.
You claw Bikaver's ghost, but do no damage.
Bikaver's ghost is moderately damaged.
You hit Bikaver's ghost but do no damage.
Bikaver's ghost is moderately damaged.
Bikaver's ghost ripples.
Bikaver's ghost hits you!
You die...

##.# #...).# #...p..#
#..#######.### #.##.#.#
#......# #.# # ##.#.#
#.####(###.# #..#.#
#.#........# #.##.#
#.#.##.##### #.# .#
#..........# #..p...#
.........##.#########.#......
......##.##..p@%......#.####.
...#........##########. . .
#.###.##.# . ## #. #.##.## .
.. ..#...# [. ###...# . #...#
#...# ######)..#####.


You could see Bikaver's ghost.

Vanquished Creatures
  A worker ant (D:3)
  Ijyb (D:2)
  2 adders (D:2)
  A giant mite (D:1)
  10 gnolls
  A worm (D:2)
  2 giant geckos (D:1)
  An ooze (D:1)
  An orc (D:3)
  3 giant cockroaches
  4 hobgoblins
  5 jackals
  2 quokkas (D:2)
  3 ball pythons
  8 bats
  A giant newt (D:2)
  5 goblins
  7 kobolds
  9 rats
67 creatures vanquished.

Notes
Turn   | Place    | Note
--------------------------------------------------------------
     0 | D:1      | Kae, the Draconian Transmuter, began the quest for the Orb.
     0 | D:1      | Reached XP level 1. HP: 16/16 MP: 1/1
   128 | D:1      | Reached XP level 2. HP: 20/23 MP: 3/3
   515 | D:1      | Reached XP level 3. HP: 21/28 MP: 4/4
   756 | D:1      | Reached skill level 4 in Unarmed Combat
  1041 | D:2      | Reached XP level 4. HP: 27/35 MP: 4/6
  1197 | D:1      | Learned a level 2 spell: Sticks to Snakes
  1201 | D:1      | Learned a level 3 spell: Spider Form
  1543 | D:2      | Found an iron altar of Okawaru.
  1543 | D:2      | Found a bloodstained altar of Trog.
  1617 | D:2      | Noticed Ijyb
  1671 | D:2      | Killed Ijyb
  1769 | D:2      | Reached skill level 5 in Unarmed Combat
  1791 | D:2      | Reached XP level 5. HP: 17/40 MP: 5/7
  2370 | D:3      | Noticed Bikaver's ghost (average DDFi)
  2453 | D:3      | Gained mutation: Your spells are a little harder to cast, but a little more powerful. [potion of mutation]
  2453 | D:3      | Gained mutation: Your digestive system is specialised to digest meat. [potion of mutation]
  2453 | D:3      | Gained mutation: You can spit poison. [potion of mutation]
  2463 | D:3      | Slain by Bikaver's ghost

Action                   |  1- 3 |  4- 6 || total
-------------------------+-------+-------++-------
Melee: Unarmed           |   149 |   135 ||   284
 Cast: Beastly Appendage |     9 |    16 ||    25
  Use: Potion            |       |     6 ||     6
